 Dungeon Crawl Stone Soup version 0.31-a0-672-g7da72447bb (webtiles) character file.

Game seed: 17793818854206150924

233263 Zonian the Warrior (level 18, -23/151 HPs)
             Began as a Demonspawn Ice Elementalist on Sept 4, 2023.
             Was an Initiate of Gozag.
             Annihilated by an angel
             ... wielding a +3 sacred scourge of holy wrath
              (38 damage)
             ... on level 4 of the Shoals.
             The game lasted 03:08:18 (61383 turns).

Zonian the Warrior (Demonspawn Ice Elementalist)   Turns: 61383, Time: 03:08:48

Health: -23/151    AC: 13    Str: 14    XL:     18   Next: 84%
Magic:  0/44       EV: 17    Int: 23    God:    Gozag
Gold:   5936       SH:  7    Dex: 17    Spells: 16/44 levels left

rFire   + + .        Z - +5 demon trident (venom)
rCold   + . .        L - +2 buckler
rNeg    + . .        Y - +2 scale mail "Goeto" {rF+ rC+ rN+}
rPois   +            (no helmet)
rElec   .            (cloak unavailable)
rCorr   .            s - +2 pair of gloves
SInv    .            (boots unavailable)
Will    ++...        f - amulet "Uvoduz" {Spirit rF+ Will+ Str+3}
Stlth   +            K - ring "Zeosaf" {rPois EV+5 Int+4}
HPRegen 0.45/turn    m - ring of magical power
MPRegen 0.29/turn

%: guardian spirit
@: glowing
A: hooves 3, ignite blood 3, demonic magic 3, bedeviling, weakness stinger 3
}: 1/15 runes: gossamer
a: Renounce Religion, Potion Petition, Call Merchant, Bribe Branch


You were on level 4 of the Shoals.
You worshipped Gozag.
Gozag was greatly pleased with you.
You visited 6 branches of the dungeon, and saw 31 of its levels.
You also visited: Sewer, Ossuary and Gauntlet.

You collected 14321 gold pieces.
You spent 1886 gold pieces at shops.
You paid 6499 gold pieces to Gozag.

Inventory:

Hand Weapons
 u - a +4 dagger of draining
 x - the +9 spear "Hogistra" {freeze, Str+8 Stlth+}
   (You found it on level 4 of the Dungeon)

   Str+8:     It affects your strength (+8).
   Stlth+:    It makes you more stealthy.
 Z - a +5 demon trident of venom (weapon)
Missiles
 a - 3 curare-tipped darts
 y - a throwing net
 M - 9 silver javelins
 R - 23 poisoned darts
 S - 8 javelins
Armour
 s - a +2 pair of gloves (worn)
 L - a +2 buckler (worn)
 Y - the +2 scale mail "Goeto" (worn) {rF+ rC+ rN+}
   (You found it on level 5 of the Lair of Beasts)

   rF+:       It protects you from fire.
   rC+:       It protects you from cold.
   rN+:       It protects you from negative energy.
Jewellery
 f - the amulet "Uvoduz" (around neck) {Spirit rF+ Will+ Str+3}
   (You bought it in a shop on level 9 of the Dungeon)

   [amulet of guardian spirit]

   Spirit:    It causes incoming damage to be divided between your reserves of
   health and magic.
   Str+3:     It affects your strength (+3).
   rF+:       It protects you from fire.
   Will+:     It increases your willpower.
 m - a ring of magical power (right hand)
 w - a ring of see invisible
 z - a +6 ring of dexterity
 K - the ring "Zeosaf" (left hand) {rPois EV+5 Int+4}
   (You found it on level 6 of the Dungeon)

   [ring of evasion]

   EV+5:      It affects your evasion (+5).
   Int+4:     It affects your intelligence (+4).
   rPois:     It protects you from poison
Talismans
 q - a flux talisman
Wands
 e - a wand of paralysis (29)
 j - a wand of light (3)
 n - a wand of digging (4)
 C - a wand of flame (6)
 G - a wand of polymorph (32)
 U - a wand of roots (6)
Scrolls
 c - 3 scrolls of teleportation
 g - 2 scrolls of fog
 h - 2 scrolls of silence
 i - 6 scrolls of summoning
 l - a scroll of fear
 o - 2 scrolls of revelation
 J - 5 scrolls of blinking
 P - 7 scrolls of vulnerability
 Q - 4 scrolls of poison
 V - 2 scrolls of immolation
 X - 3 scrolls of brand weapon
Potions
 b - 7 potions of magic
 k - 7 potions of enlightenment
 p - 5 potions of lignification
 v - 2 potions of might
 A - 11 potions of curing
 B - 3 potions of brilliance
 D - 6 potions of haste
 E - 3 potions of heal wounds
 F - 5 potions of ambrosia
 H - 6 potions of mutation
 N - 2 potions of berserk rage
 T - 7 potions of resistance
 W - a potion of invisibility
Miscellaneous
 d - a box of beasts
 r - a phantom mirror (inert)
 t - a condenser vane
 I - a lightning rod (3/4)
 O - a phial of floods


   Skills:
 - Level 16.3 Fighting
 + Level 13.2 Polearms
 - Level 8.0 Armour
 - Level 7.7 Dodging
 - Level 8.4 Stealth
 - Level 4.0 Shields
 - Level 13.6 Spellcasting
 + Level 7.5 Conjurations
 + Level 5.4 Summonings
 - Level 6.0 Translocations
 - Level 9.2 Ice Magic
 + Level 6.3 Air Magic
 + Level 7.4 Poison Magic
 - Level 8.0 Evocations


You had 16 spell levels left.
You knew the following spells:

 Your Spells              Type           Power      Damage    Failure   Level
a - Freeze                Ice            100%       1d10      1%          1
b - Frozen Ramparts       Ice            100%       1d16      1%          3
c - Ozocubu's Armour      Ice            55%        N/A       1%          3
d - Hailstorm             Conj/Ice       53%        3d12      1%          3
e - Foxfire               Conj/Fire      100%       2x1d9     3%          1
f - Swiftness             Air            44%        N/A       4%          3
g - Summon Ice Beast      Ice/Summ       49%        N/A       9%          4
h - Blink                 Tloc           86%        N/A       2%          2
i - Mephitic Cloud        Conj/Pois/Air  48%        N/A       3%          3
j - Freezing Cloud        Conj/Ice/Air   25%        6-21      22%         5

Your spell library contained the following spells:

 Spells                   Type           Power      Damage    Failure   Level
 Apportation              Tloc           86%        N/A       1%          1
 Magic Dart               Conj           100%       1d8       1%          1
 Summon Small Mammal      Summ           100%       N/A       1%          1
 Poisonous Vapours        Pois/Air       94%        N/A       1%          2
 Searing Ray              Conj           100%       2d8       1%          2
 Call Imp                 Summ           80%        N/A       3%          2
 Ensorcelled Hibernation  Hex/Ice        100%       N/A       4%          2
 Teleport Other           Tloc           43%        N/A       4%          3
 Vhi's Electric Charge    Tloc/Air       86%        N/A       14%         4
 Volatile Blastmotes      Fire/Tloc      58%        2d14      16%         3
 Manifold Assault         Tloc           43%        N/A       16%         4
 Passage of Golubria      Tloc           43%        N/A       16%         4
 Necrotise                Necr           60%        1d7       19%         1
 Ignite Poison            Fire/Tmut/Pois 27%        N/A       21%         3
 Passwall                 Tmut/Erth      12%        N/A       28%         2
 Scorch                   Fire           30%        2d6       28%         2
 Wereblood                Tmut           15%        N/A       28%         2
 Arcjolt                  Conj/Air       23%        1d33      28%         5
 Flame Wave               Conj/Fire      33%        2d10      36%         4
 Fulminant Prism          Conj/Hex       24%        3d12      36%         4
 Sticky Flame             Conj/Fire      33%        2d5       36%         4
 Summon Forest            Summ/Tloc      21%        N/A       43%         5
 Tukima's Dance           Hex            23%        N/A       50%         3
 Vampiric Draining        Necr           15%        2d7       50%         3
 Fireball                 Conj/Fire      16%        3d8       71%         5
 Irradiate                Conj/Tmut      16%        3d17      71%         5
 Anguish                  Hex/Necr       11%        N/A       88%         4
 Cause Fear               Hex            11%        N/A       88%         4
 Summon Cactus Giant      Summ           20%        N/A       96%         6
 Ozocubu's Refrigeration  Ice            27%        4d13      98%         7
 Agony                    Necr           15%        N/A       99%         5
 Yara's Violent Unravell  Hex/Tmut       11%        3d6       99%         5
 Eringya's Noxious Bog    Tmut/Pois      16%        4d6       99%         6
 Starburst                Conj/Fire      16%        6d6       99%         6
 Plasma Beam              Fire/Air       15%        2x1d26    100%        6
 Haunt                    Necr/Summ      14%        N/A       100%        7
 Summon Hydra             Summ           20%        N/A       100%        7
 Borgnjor's Revivificati  Necr           7%         N/A       100%        8
 Ignition                 Fire           7%         3d5       100%        8
 Death's Door             Necr           7%         N/A       100%        9
 Dragon's Call            Summ           20%        N/A       100%        9


Dungeon Overview and Level Annotations

Branches:
Dungeon (15/15)            Temple (1/1) D:5            Lair (5/5) D:9
 Shoals (4/4) Lair:3       Spider (4/4) Lair:3        Slime (0/5) Lair:5
    Orc (2/2) D:11            Elf (0/3) Orc:2        Vaults (0/5) D:14
 Depths (0/4) D:15          Sewer (visited)         Ossuary (visited)
Gauntlet (visited)

Altars:
Ashenzari
Cheibriados
Dithmenos
Fedhas
Gozag
Hepliaklqana
Kikubaaqudgha
Makhleb
Nemelex Xobeh
Okawaru
Qazlal
Ru
Sif Muna
Trog
Uskayaw
Vehumet
Wu Jian
Xom
Yredelemnul
Jiyva

Shops:
D:9 =   Orc:2 ![!=   Shoals:2 =   Shoals:3 [


Innate Abilities, Weirdness & Mutations

You have hooves in place of feet.
Your demonic aura causes all spilled blood to erupt in flames.
Spells you cast and wands you use may paralyse nearby enemies.
Your hexes are more powerful.
You have a sharp stinger which inflicts weakening toxins.


Message History

You hit the merfolk aquamancer.
The merfolk aquamancer is poisoned.
You kick the merfolk aquamancer.
The merfolk aquamancer is heavily wounded.
The merfolk aquamancer is engulfed in noxious fumes.
The merfolk aquamancer hits the merfolk aquamancer with a +0 rapier of draining!
The merfolk aquamancer drains the merfolk aquamancer.
The merfolk aquamancer is engulfed in noxious fumes.
The merfolk aquamancer hits you with a +0 rapier!
The cherub unwields a +0 longbow.
The cherub wields a +3 scimitar of flaming.
It bursts into flame!
The cherub hits you with a +3 scimitar of flaming.
The cherub hits you but does no damage.
Casting: Mephitic Cloud (mildly dangerous; 3% risk of failure)
Confirm with . or Enter, or press ? or * to list all spells.
A film of ice covers your body! Malevolent energies surge around you.
The wind drake is engulfed in noxious fumes.
The wind drake appears confused.
The wind drake bites the merfolk aquamancer.
The merfolk aquamancer is engulfed in noxious fumes. x2
The merfolk aquamancer gestures wildly.
The cherub closely misses you. The cherub completely misses you.
Unknown command.
Your unstable footing causes you to fumble your attack.
Your surroundings suddenly seem different.
Your icy armour cracks and falls away as you move.
A cherub, 4 merfolk, a manticore and an angel come into view.
The cherub is wielding a +4 falchion of flaming.
A merfolk impaler is wielding a +4 trident of protection and wearing a +3 plate armour of cold resistance.
The angel is wielding a +3 sacred scourge of holy wrath.
Found a book of Minor Magic, a robe and a barnacled rune of Zot.
A merfolk aquamancer comes into view. It is wielding a +0 rapier.
The merfolk impaler hits you with a +4 trident of protection!
The cherub sings a powerful hymn!
The angel goes into a battle-frenzy!
The manticore is engulfed in blazing flames.
The manticore closely misses you. You block the manticore's attack. x2
The angel hits you with a +3 sacred scourge of holy wrath!!!
* * * LOW HITPOINT WARNING * * *
You convulse!!!
You die...
Your body crumbles into a pile of gold.

≈≈≈~.......## t. ≈
≈≈≈~.......# ....#
≈≈≈~~.....## ....##
≈≈≈.~#....#.m ..8m.#
≈≈~~~#....#..# _##..#
≈≈~~.###..#...###...#
≈≈~P.~.~..##..mA...#
≈~.....~P..#....mAm#
≈.~~~.~PP..##[..@H#
≈P.~.~~P~.~~###φ###
~~~~~~P~~~~~..##
~..~~.~.~~..~~~~~
≈≈≈≈≈≈≈≈≈≈≈≈≈≈≈≈≈
≈≈≈≈≈≈≈≈≈≈≈≈≈≈≈≈≈
≈≈≈≈≈≈≈≈≈≈≈≈≈≈≈≈≈
≈≈≈≈≈≈≈≈≈≈≈≈≈≈≈≈≈


You could see an angel (strong), 2 merfolk impalers, a cherub, a merfolk
aquamancer, a merfolk, a manticore and a merfolk siren.

Vanquished Creatures
  Mara (Spider:3)
  Bai Suzhen (Shoals:3)
  Rupert (Orc:2)
  Mlioglotl (Spider:1)
  Agnes (Spider:1)
  Roxanne (D:15)
  Aizul (Shoals:3)
  Donald (Spider:1)
  5 ghost moths
  9 emperor scorpions
  An orc warlord (Orc:1)
  The ghost of Stellion the Cleaver, a journeyman DrMo of Vehumet (D:10)
  2 broodmothers
  An apis (Shoals:4)
  A minotaur (Gauntlet)
  Snorg (Orc:1)
  2 ettins
  5 merfolk impalers (Shoals:4)
  3 merfolk javelineers (Shoals:4)
  Josephine (D:10)
  4 entropy weavers
  4 vault guards (D:14)
  Erolcha (Orc:1)
  5 hydras
  An ice dragon (Lair:5)
  The ghost of ShaperDreaming the Fighter, a novice TrFi of Hepliaklqana (D:8)
  Erica (Orc:2)
  An alligator snapping turtle (Shoals:1)
  4 merfolk avatars
  6 catoblepae
  A death knight (D:14)
  2 jorogumos (Spider:2)
  4 merfolk aquamancers (Shoals:4)
  An ogre mage (D:15)
  13 death yaks
  9 centaur warriors
  8 boulder beetles
  The ghost of Sovesh the Nimble, a journeyman OpCj of Sif Muna (Lair:2)
  7 demonic crawlers
  12 two-headed ogres
  Urug (D:10)
  2 orc high priests (Orc:2)
  A shock serpent (shapeshifter) (D:15)
  The ghost of Xavori the Covert, a novice OpCK of Xom (D:8)
  Sonja (Lair:1)
  3 tengu warriors
  11 skysharks
  Amaemon (D:11)
  A sea snake (shapeshifter) (D:14)
  11 sea snakes
  2 cherubim (Shoals:4)
  9 pharaoh ants
  10 orb spiders
  A lindwurm (Lair:5)
  6 steelbarb worms
  30 harpies
  5 orc sorcerers
  A necromancer (Gauntlet)
  An orc knight (Orc:1)
  15 ugly things
  The ghost of arvidsem the Destroyer, a novice DECj of Vehumet (D:8)
  22 wolf spiders
  8 cyclopes
  3 deep elf pyromancers (D:14)
  4 fauns (Shoals:3)
  13 manticores
  The ghost of dxb338 the Jinx, a novice FeEn of Wu Jian (D:8)
  4 merfolk sirens
  4 moths of wrath
  11 cane toads
  4 water nymphs
  A gargoyle (D:12)
  4 black mambas
  8 elephants
  11 torpor snails
  The ghost of soul19 the Covered, a novice DsFi (D:5)
  An orange demon (D:11)
  7 komodo dragons
  A rime drake (Lair:4)
  An efreet (D:15)
  2 tengu conjurers
  16 merfolk
  9 trolls
  4 tyrant leeches (Lair:5)
  4 wind drakes
  12 polar bears
  16 blink frogs
  31 tarantellas
  8 snapping turtles
  2 raiju (Lair:5)
  6 hornets (Lair:5)
  7 dream sheep
  A centaur simulacrum (D:14)
  4 slime creatures
  34 jumping spiders
  3 water elementals
  25 culicivoras
  8 wraiths
  41 yaks
  4 vampires
  4 spriggans
  6 wyverns
  A yak (shapeshifter) (D:15)
  Eustachio (D:4)
  3 shadows
  9 basilisks
  3 fire bats (Lair:3)
  10 vampire mosquitoes
  A redback simulacrum (D:14)
  60 redbacks
  A steam dragon (D:9)
  The ghost of pigah the Insei, an amateur OpSh (D:5)
  A warg (shapeshifter) (D:14)
  6 wargs (Lair:5)
  13 hell hounds (Lair:5)
  3 acid dragons
  12 water moccasins
  5 ice beasts
  19 black bears
  33 orc warriors
  2 hornet zombies (Ossuary)
  A sky beast (D:7)
  6 ogres
  37 wolves
  14 centaurs
  8 kobold brigands
  7 bullfrogs
  2 gnoll sergeants
  2 scorpions
  14 wights
  16 killer bees
  9 howler monkeys
  4 electric eels
  2 bullfrog zombies (Ossuary)
  8 centaur zombies
  5 jellies
  5 hounds
  24 orc priests
  An iron imp (D:10)
  3 iguanas
  33 orc wizards
  A sleepcap (D:5)
  Natasha (thrice) (D:4)
  6 hell rats (Lair:5)
  A killer bee zombie (Ossuary)
  15 mummies (Ossuary)
  3 howler monkey zombies (Ossuary)
  13 gnolls
  17 adders
  An ufetubus (D:5)
  6 worms
  A dart slug (D:1)
  108 orcs
  13 ball pythons
  4 bats
  11 endoplasms
  2 giant cockroaches (D:3)
  3 goblins
  7 hobgoblins
  4 jackals (D:1)
  26 kobolds
  5 quokkas
  5 frilled lizards
  12 rats
1248 creatures vanquished.

Vanquished Creatures (collateral kills)
  Arachne (Spider:3)
  A faun (Shoals:3)
  A wyvern zombie (Ossuary)
  A mummy (Ossuary)
  An endoplasm (D:3)
5 creatures vanquished.

Vanquished Creatures (others)
  A jumping spider (Spider:3)
  An orc warrior (Orc:2)
  An orc (Orc:1)
  23 foxfires
26 creatures vanquished.

Grand Total: 1279 creatures vanquished

Notes
Turn   | Place    | Note
-------+----------+-------------------------------------------
     0 | D:1      | Zonian the Demonspawn Ice Elementalist began the quest for
                  | the Orb.
     0 | D:1      | Reached XP level 1. HP: 13/13 MP: 3/3
   587 | D:1      | Gained mutation: Spells you cast may paralyse adjacent
                  | enemies. [demonic ancestry]
   587 | D:1      | Reached XP level 2. HP: 7/19 MP: 0/5
  1868 | D:1      | Gained mutation: Your demonic aura sometimes causes spilled
                  | blood to erupt in flames. [demonic ancestry]
  1868 | D:1      | Reached XP level 3. HP: 22/24 MP: 6/6
  3241 | D:2      | Discovered your monstrous ancestry.
  3241 | D:2      | Gained mutation: You have a small tail. [demonic ancestry]
  3241 | D:2      | Reached XP level 4. HP: 26/30 MP: 7/7
  4959 | D:2      | Learned a level 3 spell: Frozen Ramparts
  4961 | D:2      | Got the Atlas of the Volley and the Birds
  5100 | D:3      | Gained mutation: Spells you cast may paralyse nearby
                  | enemies. [demonic ancestry]
  5100 | D:3      | Reached XP level 5. HP: 23/35 MP: 9/9
  5325 | D:3      | Found a glowing drain.
  5339 | Sewer    | Entered a sewer
  6181 | Sewer    | Reached XP level 6. HP: 16/41 MP: 11/11
  6846 | Sewer    | Gained mutation: You have large cloven feet. [demonic
                  | ancestry]
  6846 | Sewer    | Reached XP level 7. HP: 40/46 MP: 12/12
  6851 | Sewer    | Reached skill level 5 in Ice Magic
  7898 | D:4      | Noticed Eustachio
  7900 | D:4      | Killed Eustachio
  8026 | D:4      | Noticed Natasha
  8036 | D:4      | Killed Natasha
  8183 | D:4      | Identified the +9 spear "Hogistra" {freeze, Str+8 Stlth+}
  8487 | D:4      | Found a shadowy altar of Dithmenos.
  8488 | D:4      | Noticed Natasha
  8496 | D:4      | Killed Natasha
  8816 | D:4      | Learned a level 3 spell: Ozocubu's Armour
  8933 | D:4      | Found a basalt altar of Yredelemnul.
  8959 | D:4      | Gained mutation: You have hoof-like feet. [demonic
                  | ancestry]
  8959 | D:4      | Reached XP level 8. HP: 52/52 MP: 14/14
  9032 | D:4      | Noticed Natasha
  9048 | D:4      | Killed Natasha
  9196 | D:5      | Entered Level 5 of the Dungeon
  9260 | D:5      | Reached skill level 5 in Stealth
  9362 | D:5      | Found a staircase to the Ecumenical Temple.
  9379 | Temple   | Entered the Ecumenical Temple
  9487 | Temple   | Became a worshipper of Gozag Ym Sagoz the Greedy
  9662 | D:5      | Found a runed translucent gate.
  9662 | D:5      | Found a runed translucent gate.
  9671 | D:5      | Found a sand-covered staircase.
  9680 | Ossuary  | Entered an ossuary
  9702 | Ossuary  | Reached skill level 5 in Spellcasting
  9799 | Ossuary  | Reached skill level 5 in Dodging
 10896 | Ossuary  | Gained mutation: You have hooves in place of feet. [demonic
                  | ancestry]
 10896 | Ossuary  | Reached XP level 9. HP: 54/57 MP: 17/17
 11351 | Ossuary  | Learned a level 3 spell: Hailstorm
 11353 | Ossuary  | Learned a level 1 spell: Foxfire
 11654 | D:5      | Learned a level 3 spell: Swiftness
 12008 | D:5      | Found a runed translucent gate.
 12010 | D:5      | Noticed soul19's ghost (novice DsFi)
 12010 | D:5      | Noticed pigah's ghost (amateur OpSh)
 13012 | D:6      | Identified the ring "Zeosaf" {rPois EV+5 Int+4}
 13109 | D:6      | Learned a level 4 spell: Summon Ice Beast
 13397 | D:7      | Found a broken altar of Ashenzari.
 14536 | D:8      | Identified a scroll of acquirement
 14536 | D:8      | Acquired 1243 gold pieces
 14570 | D:8      | Found a runed translucent gate.
 14570 | D:8      | Found a runed translucent gate.
 14716 | D:8      | Noticed a two-headed ogre
 14725 | D:8      | Killed a two-headed ogre
 14726 | D:8      | Gained mutation: Your demonic aura often causes spilled
                  | blood to erupt in flames. [demonic ancestry]
 14726 | D:8      | Reached XP level 10. HP: 63/63 MP: 13/20
 14869 | D:8      | Found a runed translucent gate.
 14911 | D:8      | Noticed dxb338's ghost (novice FeEn)
 14912 | D:8      | Noticed Xavori's ghost (novice OpCK)
 14914 | D:8      | Noticed arvidsem's ghost (novice DECj)
 14915 | D:8      | Noticed ShaperDreaming's ghost (novice TrFi)
 15012 | D:8      | Found a hazy altar of Hepliaklqana.
 15341 | D:8      | Found a runed translucent door.
 15573 | D:8      | Found an ancient bone altar of Kikubaaqudgha.
 15752 | D:9      | Noticed a two-headed ogre
 15761 | D:9      | Reached skill level 1 in Fighting
 15772 | D:9      | Reached skill level 1 in Shields
 16239 | D:8      | Reached skill level 2 in Fighting
 16617 | D:9      | Reached XP level 11. HP: 73/73 MP: 22/22
 16673 | D:9      | Found a staircase to the Lair.
 16733 | D:9      | Reached skill level 3 in Fighting
 16780 | D:9      | Killed a two-headed ogre
 16833 | D:9      | Reached skill level 4 in Fighting
 16886 | D:9      | Reached skill level 1 in Polearms
 16992 | D:9      | Noticed a two-headed ogre
 17004 | D:9      | Killed a two-headed ogre
 17262 | D:9      | Reached skill level 5 in Fighting
 17551 | Lair:1   | Entered Level 1 of the Lair of Beasts
 17797 | Lair:1   | Reached skill level 6 in Fighting
 17971 | Lair:1   | Noticed Sonja
 17985 | Lair:1   | Killed Sonja
 18206 | Lair:1   | Noticed a death yak
 18206 | Lair:1   | Noticed a death yak
 18233 | Lair:1   | Killed a death yak
 18240 | Lair:1   | Killed a death yak
 18241 | Lair:1   | Reached skill level 7 in Fighting
 18241 | Lair:1   | Reached skill level 5 in Polearms
 18241 | Lair:1   | Gained mutation: Your demonic aura causes all spilled blood
                  | to erupt in flames. [demonic ancestry]
 18241 | Lair:1   | Reached XP level 12. HP: 47/91 MP: 14/23
 18936 | Lair:2   | Reached skill level 8 in Fighting
 19328 | Lair:2   | Found a runed translucent door.
 19328 | Lair:2   | Noticed Sovesh's ghost (journeyman OpCj)
 19382 | Lair:2   | Killed Sovesh's ghost
 20124 | Lair:2   | Reached skill level 9 in Fighting
 20298 | Lair:3   | Found a staircase to the Shoals.
 20412 | Lair:3   | Noticed a catoblepas
 20550 | Lair:3   | Noticed a death yak
 20620 | Lair:3   | Noticed a death yak
 20620 | Lair:3   | Noticed a death yak
 20633 | Lair:3   | Noticed a death yak
 20633 | Lair:3   | Noticed a death yak
 20647 | Lair:3   | Killed a death yak
 20651 | Lair:3   | Killed a death yak
 20652 | Lair:3   | Reached skill level 10 in Fighting
 20655 | Lair:3   | Killed a catoblepas
 20678 | Lair:3   | Killed a death yak
 20681 | Lair:3   | Killed a death yak
 20682 | Lair:3   | Gained mutation: You have a tail ending in a sharp stinger.
                  | [demonic ancestry]
 20682 | Lair:3   | Reached XP level 13. HP: 82/104 MP: 18/24
 20804 | Lair:3   | Found a hole to the Spider Nest.
 21041 | Lair:3   | Found a dark tunnel.
 21254 | Lair:3   | Reached skill level 11 in Fighting
 21383 | Lair:3   | Upgraded the game from 0.31-a0-667-g39726597b9 to
                  | 0.31-a0-672-g7da72447bb
 22145 | Lair:4   | Reached skill level 10 in Polearms
 22534 | Lair:5   | Entered Level 5 of the Lair of Beasts
 22557 | Lair:5   | Found a gate leading to a gauntlet.
 22605 | Gauntlet | Entered a Gauntlet
 22605 | Gauntlet | Found a transporter.
 22615 | Gauntlet | Found a transporter.
 22638 | Gauntlet | Found a transporter.
 22662 | Gauntlet | Found a transporter.
 22665 | Gauntlet | Found a transporter.
 22666 | Gauntlet | Found a transporter.
 22687 | Gauntlet | Found a transporter.
 22697 | Gauntlet | Found a transporter.
 22701 | Gauntlet | Found a transporter.
 22710 | Gauntlet | Found a transporter.
 22758 | Gauntlet | Found a transporter.
 22847 | Gauntlet | Reached skill level 12 in Fighting
 22863 | Gauntlet | Identified the ring "Wytzeymm" {Fire rPois MP+9}
 22990 | Gauntlet | Noticed a minotaur
 23017 | Gauntlet | Killed a minotaur
 23106 | Lair:5   | Reached skill level 1 in Air Magic
 23376 | Lair:5   | Found a viscous altar of Jiyva.
 23496 | Lair:5   | Gained mutation: Your hexes are more powerful. [demonic
                  | ancestry]
 23496 | Lair:5   | Reached XP level 14. HP: 115/116 MP: 25/25
 23720 | Lair:5   | Reached skill level 13 in Fighting
 23811 | Lair:5   | Identified the +2 scale mail "Goeto" {rF+ rC+ rN+}
 24274 | Lair:5   | Found a staircase to the Slime Pits.
 24328 | Lair:5   | Found a runed translucent door.
 24752 | Lair:5   | Reached skill level 14 in Fighting
 25094 | Lair:5   | Identified the +0 leather armour "Sics" {Dex+7}
 25505 | D:10     | Entered Level 10 of the Dungeon
 25505 | D:10     | Noticed Josephine
 25508 | D:10     | Killed Josephine
 25545 | D:10     | Reached skill level 1 in Armour
 25681 | D:10     | Found a shimmering blue altar of Sif Muna.
 25718 | D:10     | Found a snail-covered altar of Cheibriados.
 25786 | D:10     | Found a sparkling altar of Nemelex Xobeh.
 25789 | D:10     | Found a radiant altar of Vehumet.
 26629 | D:10     | Noticed Urug
 26644 | D:10     | Killed Urug
 26666 | D:10     | Found a runed translucent door.
 26667 | D:10     | Noticed Stellion's ghost (journeyman DrMo)
 27103 | D:10     | Killed Stellion's ghost
 27308 | D:5      | Killed soul19's ghost
 27311 | D:5      | Killed pigah's ghost
 27464 | D:8      | Killed dxb338's ghost
 27798 | D:8      | Killed Xavori's ghost
 27832 | D:8      | Killed arvidsem's ghost
 27853 | D:8      | Killed ShaperDreaming's ghost
 27952 | D:9      | Bought the amulet "Uvoduz" {Spirit rF+ Will+ Str+3} for 894
                  | gold pieces
 28034 | D:11     | Found a staircase to the Orcish Mines.
 28115 | D:11     | Noticed Amaemon
 28128 | D:11     | Killed Amaemon
 28147 | D:11     | Reached skill level 1 in Summonings
 28147 | D:11     | Reached XP level 15. HP: 92/127 MP: 18/27
 28700 | D:11     | Identified the +0 robe of Bitterness {-Tele rPois Will+}
 29135 | D:12     | Reached skill level 15 in Fighting
 30647 | D:13     | Identified the +9 flail "Opanyhar" {spect, rC+ Str+4 Dex+4}
 30777 | D:14     | Found a gate to the Vaults.
 31149 | D:14     | Reached skill level 5 in Armour
 31412 | D:14     | Identified the +11 plate armour of Ybogein {-Tele Str+3}
 31796 | D:15     | Entered Level 15 of the Dungeon
 31881 | D:15     | Reached skill level 1 in Evocations
 31900 | D:15     | Reached skill level 10 in Spellcasting
 32052 | D:15     | Noticed Roxanne
 32318 | D:15     | Found a staircase to the Depths.
 32571 | D:15     | Reached XP level 16. HP: 138/138 MP: 30/30
 32843 | D:15     | Reached skill level 16 in Fighting
 33132 | D:15     | Killed Roxanne
 33323 | Orc:1    | Entered Level 1 of the Orcish Mines
 33323 | Orc:1    | Noticed Snorg
 33328 | Orc:1    | Killed Snorg
 33745 | Orc:2    | Entered Level 2 of the Orcish Mines
 34556 | Orc:2    | Noticed Rupert
 34774 | Orc:2    | Paralysed by Rupert for 5 turns
 34780 | Orc:2    | Killed Rupert
 35610 | Orc:2    | Found Soatsim's Distillery.
 35610 | Orc:2    | Found Iqoodoth's Antique Armour Shop.
 35611 | Orc:2    | Found Wufiyngo's Jewellery Boutique.
 35615 | Orc:2    | Found Lacsatym's Distillery.
 35618 | Orc:2    | Bought a potion of resistance for 130 gold pieces
 35618 | Orc:2    | Bought a potion of magic for 104 gold pieces
 35618 | Orc:2    | Bought 2 potions of ambrosia for 208 gold pieces
 35618 | Orc:2    | Bought a potion of resistance for 130 gold pieces
 35619 | Orc:2    | Bought a potion of might for 48 gold pieces
 35619 | Orc:2    | Bought a potion of haste for 120 gold pieces
 35619 | Orc:2    | Bought a potion of haste for 120 gold pieces
 35619 | Orc:2    | Bought a potion of cancellation for 96 gold pieces
 35619 | Orc:2    | Bought a potion of curing for 36 gold pieces
 35771 | Orc:2    | Found a staircase to the Elven Halls.
 35880 | Orc:1    | Noticed Erolcha
 35890 | Orc:1    | Noticed Erica
 36127 | Orc:2    | Killed Erica
 36255 | Orc:1    | Killed Erolcha
 36642 | Spider:1 | Entered Level 1 of the Spider Nest
 36642 | Spider:1 | Noticed Donald
 36664 | Lair:3   | Reached skill level 5 in Evocations
 36677 | Spider:1 | Noticed Mlioglotl
 38473 | Spider:1 | Killed Donald
 38670 | Spider:1 | Noticed Agnes
 38678 | Spider:1 | Killed Agnes
 39176 | Spider:1 | Killed Mlioglotl
 40259 | Spider:2 | Paralysed by a jorogumo for 2 turns
 41270 | Spider:2 | Gained mutation: You have a sharp stinger which inflicts
                  | weakening toxins. [demonic ancestry]
 41270 | Spider:2 | Reached XP level 17. HP: 100/144 MP: 13/33
 43926 | Spider:3 | Got Huehaoli's Parchment of the Vector
 43930 | Spider:3 | Learned a level 2 spell: Blink
 43964 | Spider:3 | Noticed Arachne
 43973 | Spider:3 | Learned a level 3 spell: Mephitic Cloud
 44163 | Spider:3 | Reached skill level 1 in Conjurations
 44163 | Spider:3 | Reached skill level 1 in Poison Magic
 44295 | Spider:3 | Reached skill level 1 in Translocations
 44335 | Spider:3 | Noticed Mara
 44354 | Spider:3 | Noticed Zonian's illusion
 44384 | Spider:3 | Noticed Zonian's illusion
 44390 | Spider:3 | Killed Mara
 45774 | Spider:3 | Killed Arachne
 46622 | Spider:4 | Entered Level 4 of the Spider Nest
 49161 | Spider:4 | Reached skill level 5 in Conjurations
 50106 | Spider:4 | Reached skill level 5 in Poison Magic
 50548 | Spider:4 | Got a gossamer rune of Zot
 51707 | Shoals:1 | Entered Level 1 of the Shoals
 52011 | Shoals:1 | Found a frozen archway.
 52225 | Shoals:1 | Gained mutation: Spells you cast and wands you use may
                  | paralyse nearby enemies. [demonic ancestry]
 52225 | Shoals:1 | Reached XP level 18. HP: 151/151 MP: 35/35
 52900 | Shoals:1 | Reached skill level 5 in Translocations
 54775 | Shoals:2 | Found Ataffel's Jewellery Shoppe.
 54965 | Shoals:2 | Reached skill level 5 in Air Magic
 55995 | Shoals:3 | Noticed Aizul
 56018 | Shoals:3 | Killed Aizul
 56033 | Shoals:3 | Noticed Bai Suzhen
 56416 | Shoals:3 | Killed Bai Suzhen
 56978 | Shoals:3 | Found Biunasur's Armour Emporium.
 57559 | Shoals:4 | Entered Level 4 of the Shoals
 59763 | Shoals:4 | Reached skill level 5 in Summonings
 60723 | Shoals:4 | Identified the +11 long sword of True Grit {freeze, rElec
                  | Will+}
 61236 | Shoals:4 | Identified the +6 short sword of Cruel Justice {heavy,
                  | Str+3 Dex+4}
 61247 | Shoals:4 | Learned a level 5 spell: Freezing Cloud
 61383 | Shoals:4 | Annihilated by an angel

Illustrated notes

Levels and vault maps discovered:
D:1:      dreamdust_arrival_beginning_and_end, layout_rooms
D:2:      layout_rooms
D:3:      layout_loops_ring, portal_sewer_entry_d
D:4:      layout_cave_pods, mainiacjoe_overflow_cross_hatched,
          mainiacjoe_overflow_alcove_1, uniq_eustachio, uniq_natasha
D:5:      layout_cave_pods, minmay_temple_entry_grid, gammafunk_ghost_cemetery,
          lightli_ossuary_entry_decrepit_ruins
D:6:      minmay_spotlight, layout_basic, st_stairs_2
D:7:      layout_gridville, cheibrodos_ashenzari_chains
D:8:      layout_basic, marbit_many_paths, mainiacjoe_overflow_alcove_2,
          gammafunk_ghost_cemetery, lightli_church_of_beogh
D:9:      layout_cave_pools, minmay_lair_entry_grove, st_stairs_11,
          minmay_quadrilaterals
D:10:     layout_stronghold, nicolae_overflow_hidden_temple, kennysheep_mini,
          slow_altar_1, ebering_ghost_inner_flame, kennysheep_dice,
          uniq_josephine, uniq_urug
D:11:     layout_irregular_city, david_orc_2, serial_undead, serial_undead_c,
          serial_undead_c, serial_undead_f, serial_undead_f, uniq_amaemon
D:12:     layout_loops_cross, minmay_misc_feat_tiny
D:13:     layout_roguey
D:14:     layout_loops_ring, lightli_vaults_fourway_checkpoint,
          kennysheep_pointless_box, onia_ninara_dug_in_and_dangerous
D:15:     hangedman_depths_entry_try_elsewhere_first, layout_irregular_city,
          uniq_roxanne
Temple:   dshaligram_water_room_temple
Lair:1:   layout_regular_city, chequers_serial_rivers_micro_a, uniq_sonja
Lair:2:   layout_long_grid, hellmonk_ghost_happy_afterlife
Lair:3:   layout_gridlike, elwin_shoals_entry_rocks, dummy_spider_entry,
          nicolae_volcano_entry_batcave, gammafunk_lair_bear_cave,
          serial_bayou_shore_b, lemuel_fruit_tree, grunt_megastairs_2
Lair:4:   layout_gridlike, grunt_forest_stairs_clearing
Lair:5:   wormcave, layout_cave_pods, hangedman_lair_caniforms_friends,
          nicolae_slime_entry_field_trip, gauntlet_entry_generic, st_stairs_10,
          wad_woods_02
Shoals:1: layout_shoals, portal_ice_cave_entry_pillars_2
Shoals:2: nicolae_shoals_aurelia_aurita, layout_shoals, serial_shops, shop
Shoals:3: nzn_motion_control, layout_shoals, serial_shops,
          nicolae_shop_mannequins, uniq_bai_suzhen, uniq_aizul
Shoals:4: shoals_end_hellmonk_holy_island
Spider:1: layout_spider_delve, uniq_donald, uniq_agnes, uniq_mlioglotl
Spider:2: layout_spider_delve, nicolae_spider_jagged_tunnels
Spider:3: layout_chambers, nicolae_spider_cling_halls, uniq_arachne, uniq_mara
Spider:4: guppyfry_spider_rune
Orc:1:    layout_caves, minmay_orc_barracks, uniq_erica, uniq_snorg,
          uniq_erolcha
Orc:2:    st_orc_mages, layout_caves, uniq_rupert

Skill      XL: |  1  2  3  4  5  6  7  8  9 10 11 12 13 14 15 16 17 18 |
---------------+-------------------------------------------------------+-----
Stealth        | 2 3 4 6 7 8 |  8.4
Dodging        | 2 3 4 5 7 |  7.7
Ice Magic      | 4 5 6 7 8 9 |  9.2
Spellcasting   | 3 4 5 7 8 10 12 13 | 13.6
Fighting       | 2 7 10 12 14 15 16 | 16.3
Shields        | 2 4 |  4.0
Polearms       | 5 8 11 12 13 | 13.2
Air Magic      | 2 4 6 |  6.3
Armour         | 3 6 8 |  8.0
Summonings     | 1 4 5 |  5.4
Evocations     | 3 8 |  8.0
Conjurations   | 5 7 |  7.5
Poison Magic   | 5 7 |  7.4
Translocations | 4 6 |  6.0

Action                     |  1- 3 |  4- 6 |  7- 9 | 10-12 | 13-15 | 16-18 || total
---------------------------+-------+-------+-------+-------+-------+-------++-------
  Melee: Unarmed           |    25 |       |       |       |       |       ||    25
         Short sword       |    75 |    73 |       |       |       |       ||   148
         Punch             |     1 |       |     9 |       |       |       ||    10
         Tailslap          |       |    11 |    68 |    73 |   196 |   339 ||   687
         Dagger            |       |    23 |   226 |       |       |       ||   249
         Kick              |       |       |    59 |   127 |   399 |   772 ||  1357
         Spear             |       |       |   167 |   481 |  1167 |  1112 ||  2927
         Demon trident     |       |       |       |       |       |  1050 ||  1050
  Throw: Dart              |       |       |       |       |       |     1 ||     1
   Cast: Freeze            |    33 |    45 |    69 |    21 |     5 |     5 ||   178
         Frozen Ramparts   |       |       |     7 |    20 |    29 |    52 ||   108
         Ozocubu's Armour  |       |       |    11 |     7 |     8 |    27 ||    53
         Summon Ice Beast  |       |       |       |     1 |     2 |     6 ||     9
         Foxfire           |       |       |       |       |     4 |     8 ||    12
         Hailstorm         |       |       |       |       |       |    12 ||    12
         Blink             |       |       |       |       |       |     4 ||     4
         Mephitic Cloud    |       |       |       |       |       |     2 ||     2
 Invoke: Call Merchant     |       |       |       |     1 |       |       ||     1
         Potion Petition   |       |       |       |       |     3 |     8 ||    11
  Evoke: Wand              |       |       |       |     6 |     6 |    46 ||    58
         Lightning rod     |       |       |       |       |     5 |    14 ||    19
         Condenser vane    |       |       |       |       |     2 |     3 ||     5
         Box of beasts     |       |       |       |       |     1 |     2 ||     3
         Phial of floods   |       |       |       |       |     1 |       ||     1
         Phantom mirror    |       |       |       |       |       |     3 ||     3
    Use: Scroll            |       |     7 |    15 |     6 |     7 |    16 ||    51
         Potion            |       |       |     2 |     2 |     1 |    11 ||    16
   Stab: Sleeping          |     4 |     1 |    19 |    14 |    44 |    15 ||    97
         Paralysed         |    13 |    20 |    38 |    24 |    16 |    73 ||   184
         Distracted        |       |       |     3 |     7 |    12 |    15 ||    37
         Invisible         |       |       |       |     4 |     1 |     2 ||     7
         Petrifying        |       |       |       |     1 |       |       ||     1
         Confused          |       |       |       |       |     3 |     4 ||     7
         Petrified         |       |       |       |       |       |     1 ||     1
 Armour: Robe              |    67 |    64 |    22 |       |       |       ||   153
         Leather armour    |       |       |   129 |   153 |   260 |   413 ||   955
         Skin              |       |       |       |     1 |       |       ||     1
         Scale mail        |       |       |       |       |       |   749 ||   749
  Dodge: Dodged            |    85 |    69 |   248 |   238 |   335 |  1200 ||  2175
  Block: Buckler           |       |       |     6 |    87 |   134 |   541 ||   768

Table legend: (Time is in decaauts)
 A = Elapsed time spent in this place.
 B = Non-inter-level travel time spent in this place.
 C = Inter-level travel time spent in this place.
 D = Time resting spent in this place.
 E = Time spent auto-exploring this place.
 F = Levels seen in this place.
 G = Mean time per level.
                   A        B        C        D        E       F      G
               +--------+--------+--------+--------+--------+-----+--------+
         Total |  60788 |  59040 |   1748 |  26856 |  18976 |  34 | 1787.9 |
       Dungeon |  21558 |  20747 |    811 |   7151 |   9250 |  15 | 1437.2 |
        Temple |    124 |    124 |      0 |      0 |      0 |   1 |  124.0 |
          Lair |   7791 |   7320 |    471 |   2131 |   3220 |   5 | 1558.2 |
        Shoals |   9682 |   9459 |    223 |   5034 |   2280 |   4 | 2420.5 |
   Spider Nest |  14398 |  14189 |    209 |   8526 |   2792 |   4 | 3599.5 |
  Orcish Mines |   3058 |   3025 |     33 |   1713 |    794 |   2 | 1529.0 |
         Sewer |   2010 |   2010 |      0 |   1005 |    597 |   1 | 2010.0 |
       Ossuary |   1704 |   1704 |      0 |   1147 |     41 |   1 | 1704.0 |
      Gauntlet |    459 |    459 |      0 |    146 |      0 |   1 |  459.0 |
               +--------+--------+--------+--------+--------+-----+--------+

Top non-repeatable levels by time:
Spider:4: 4786 daAuts
Shoals:3: 3848 daAuts
Spider:2: 3636 daAuts
     D:1: 3411 daAuts
Spider:1: 3091 daAuts
Spider:3: 2884 daAuts
     D:8: 2785 daAuts
  Lair:5: 2405 daAuts
Shoals:1: 2136 daAuts
   Sewer: 2010 daAuts
   Orc:1: 1966 daAuts
Shoals:4: 1953 daAuts
Shoals:2: 1743 daAuts
 Ossuary: 1704 daAuts
    D:10: 1667 daAuts
